Cogmind - Beta 14 @@@ ROGUE MODE // 2025.01.15 @ 22:31:35 Player: Anting Result: Destroyed by Alpha 7 with Multirail Performance ------------- Evolutions (7) 3500 Regions Visited (17) 3400 Robots Destroyed (96) 480 Value Destroyed (3332) 3332 Prototype IDs (46) 920 Alien Tech Used (0) 0 Bonus (5106) 5106 TOTAL SCORE: 16738 Bonus ------- Triggered Max Security 1000 High Alert Combat Kills 306 Entered DSFs 500 Aligned with FarCom 300 Met Warlord at Base 500 MAIN.C Attacked Warlord 500 Acquired SGEMP 2000 Cogmind --------- Core Integrity 0/1300 Matter 55/300 Energy 90/100 System Corruption 13% Temperature Cool (1) Movement Flying (30) Location -3/Testing Parts ------- > --- POWER (1) -------- (None) > --- PROPULSION (5) --- Improved Diametric Drive > --- UTILITY (10) ----- (None) > --- WEAPON (5) ------- (None) > --- INVENTORY (5) ---- Improved Hacking Suite Compact Tesla Bomb Launcher Tactical Quantum Warhead SGEMP Prototype Peak State ------------ > --- POWER ------------ Micro Antimatter Reactor > --- PROPULSION ------- Impulse Thruster Array Impulse Thruster Array > --- UTILITY ---------- Triangulator Advanced Signal Interpreter Advanced Target Analyzer Advanced Transmission Jammer Improved Cloaking Device Hacking Suite System Shield Makeshift System Shield Makeshift System Shield > --- WEAPON ----------- AWS/Autocannon Micro-nuke Launcher Advanced Remote Datajack > --- INVENTORY -------- (None) [Rating: 130] Favorites ----------- Power Light Ion Engine Engine Light Ion Engine Reactor Micro Antimatter Reactor Propulsion Aluminum Leg Treads Light Treads Leg Aluminum Leg Hover Unit Gravmag Array Flight Unit Impulse Thruster Array Utility Hacking Suite Device Sensor Array Storage High-capacity Storage Unit Processor Machine Analyzer Hackware Hacking Suite Protection Power Shielding Weapon Assault Rifle Energy Gun Backup Laser III Ballistic Gun Assault Rifle Ballistic Cannon AWS/Autocannon Launcher Rocket Launcher Special Weapon Advanced Remote Datajack Impact Weapon Heavy Flail Build | -11 -10 -10 -9 -9 -9 -8 -8 -7 -7 -6 -5 -5 -5 -4 -4 -3 -3 ------- Run | Yrd Mat Min Mat Min Exi Min Mat Fac DSF Fac Fac Upp War Pro Fac Res Tes Slots Evolved 14 | . . . 2 . . . 2 2 . 2 2 . . . 2 2 . Power . | . . . . . . . . . . . . . . . . . . Propulsion 3 | . . . . . . . 1 1 . . . . . . 1 . . Utility 8 | . . . 2 . . . . 1 . 2 2 . . . 1 . . Weapon 3 | . . . . . . . 1 . . . . . . . . 2 . Parts Attached 132 | 7 5 3 11 2 . 2 18 10 2 15 11 . 11 . 1 24 10 Power 12 | 2 . 1 . 1 . 1 2 1 . 1 1 . . . . 1 1 Engine 10 | 2 . 1 . 1 . 1 2 1 . 1 1 . . . . . . Core . | . . . . . . . . . . . . . . . . . . Reactor 2 | . . . . . . . . . . . . . . . . 1 1 Propulsion 34 | 2 1 1 4 . . . 6 4 2 6 2 . 2 . . . 4 Treads 4 | 2 1 1 . . . . . . . . . . . . . . . Leg 9 | . . . 4 . . . 5 . . . . . . . . . . Wheel . | . . . . . . . . . . . . . . . . . . Hover 1 | . . . . . . . . . . 1 . . . . . . . Flight 20 | . . . . . . . 1 4 2 5 2 . 2 . . . 4 Utility 39 | 1 2 . 3 . . 1 2 4 . 7 4 . 4 . 1 10 . Device 12 | . . . 1 . . . . 1 . 1 2 . 2 . . 5 . Storage 4 | 1 1 . . . . . . 1 . 1 . . . . . . . Processor 5 | . . . 2 . . . . . . 1 1 . . . . 1 . Hackware 11 | . . . . . . . 1 2 . 3 1 . 2 . 1 1 . Protection 7 | . 1 . . . . 1 1 . . 1 . . . . . 3 . Artifact . | . . . . . . . . . . . . . . . . . . Weapon 47 | 2 2 1 4 1 . . 8 1 . 1 4 . 5 . . 13 5 Energy Gun 6 | . . . . . . . . . . . . . 4 . . 1 1 Energy Cannon . | . . . . . . . . . . . . . . . . . . Ballistic Gun 13 | 2 1 1 2 1 . . 6 . . . . . . . . . . Ballistic Cannon 13 | . . . . . . . 2 . . 1 1 . . . . 8 1 Launcher 9 | . . . 2 . . . . . . . . . 1 . . 3 3 Special Weapon 5 | . 1 . . . . . . . . . 3 . . . . 1 . Impact Weapon 1 | . . . . . . . . 1 . . . . . . . . . Slashing Weapon . | . . . . . . . . . . . . . . . . . . Piercing Weapon . | . . . . . . . . . . . . . . . . . . Special Melee Weapon . | . . . . . . . . . . . . . . . . . . Unidentified Prototypes 7 | . . . . . . . 1 . . . . . 2 . . . 4 Parts Lost 42 | . . 2 6 . . . 5 . 3 1 1 1 . . 1 13 9 Power 7 | . . 1 1 . . . 2 . 1 . . . . . . 1 1 Propulsion 9 | . . . 2 . . . . . 2 1 . . . . . 2 2 Utility 14 | . . . . . . . 2 . . . 1 . . . 1 7 3 Weapon 12 | . . 1 3 . . . 1 . . . . 1 . . . 3 3 Highest Loss Streak 8 | . . 2 3 . . . 3 . 3 1 1 1 . . 1 7 8 To Critical Strikes . | . . . . . . . . . . . . . . . . . . Average Slot Usage (%) 85 | . 97 99 99 100 100 100 81 84 76 79 80 76 84 88 79 63 22 Engine 7 | . 14 13 11 11 11 11 8 7 1 4 4 5 5 5 5 . . Treads 4 | . 27 28 5 . . . . . . . . . . . . . . Leg 9 | . . . 16 22 22 22 27 . . . . . . . . . . Flight 6 | . . . . . . . . 29 28 25 17 17 16 11 10 8 8 Device 6 | . . . 11 11 11 8 . 6 7 4 4 11 11 11 10 8 . Storage 7 | . 14 14 11 11 11 11 9 7 7 4 . . . . . . . Processor 6 | . . . 10 11 11 11 9 . . 5 11 11 7 5 5 5 3 Hackware 11 | . . . . . . . 2 22 23 25 34 29 32 35 32 23 3 Protection 6 | . 11 14 11 11 11 13 9 . . . . . . . . . . Energy Gun 1 | . . . . . . . . . . . . . 8 11 10 . 2 Ballistic Gun 9 | . 27 28 14 11 11 11 8 1 . . . . . . . . . Ballistic Cannon 1 | . . . . . . . 5 . . . . . . . . 1 . Launcher 3 | . . . 7 11 11 11 . . . . . . . 5 5 5 1 Peak Build Rating 130 | 6 8 8 16 15 18 19 57 43 36 77 94 75 92 92 95 130 69 Average Rating 44 | 4 7 7 12 14 16 18 42 36 35 45 70 69 75 92 92 100 43 On Entrance 37 | . 6 8 8 13 15 18 19 38 36 36 48 75 69 92 92 90 16 Naked Turns 1 | . . . . . . . . . . . . . . . . . 1 Heaviest Build 113 | 13 53 49 53 52 52 54 113 21 13 84 70 15 22 22 22 103 66 Greatest Support 42 | 40 40 40 40 23 23 23 42 20 22 23 25 23 32 32 32 32 29 Greatest Overweight (x) 22 | . 2 1 15 2 2 2 3 1 . 4 3 . 1 . . 22 7 Average Overweight (x) . | . . 1 1 2 2 2 1 . . . . . . . . . . Largest Inventory Capacity 20 | 8 20 20 20 20 20 20 20 20 8 8 5 5 5 5 5 5 5 Average Capacity 13 | 6 18 20 20 20 20 20 20 8 8 7 5 5 5 5 5 5 5 Most Carried 20 | 5 12 17 19 18 20 20 20 19 8 8 5 5 5 5 5 5 5 Average Carried 10 | 2 7 13 13 17 18 19 19 8 7 6 4 5 4 5 4 3 2 Final Capacity 20 | 8 20 20 20 20 20 20 20 8 8 5 5 5 5 5 5 5 5 Final Carried 20 | 2 11 16 19 17 20 20 20 8 7 5 5 5 5 5 5 5 5 Class Distribution -------------------- 24% | Mutant 13% | Scavenger-Skirmisher 12% | Scavenger-Mutant 10% | Hacker-Sprinter 7% | Skirmisher 7% | Wizard-Sprinter 6% | Wizard-Mutant 6% | Hacker-Mutant 4% | Hacker-Skirmisher 3% | Wizard-Gunner Dominant Class ---------------- Mutant | -10/Materials Mutant | -10/Mines Mutant | -9/Materials Scavenger-Mutant | -9/Mines Scavenger-Mutant | -9/Exiles Scavenger-Skirmisher | -8/Mines Skirmisher | -8/Materials Hacker-Sprinter | -7/Factory Hacker-Mutant | -7/DSF Hacker-Sprinter | -6/Factory Wizard-Sprinter | -5/Factory Hacker-Sprinter | -5/Upper Caves Wizard-Sprinter | -5/Warlord Wizard-Gunner | -4/Proximity Caves Wizard-Skirmisher | -4/Factory Wizard-Mutant | -3/Research Sprinter | -3/Testing Resources | -11 -10 -10 -9 -9 -9 -8 -8 -7 -7 -6 -5 -5 -5 -4 -4 -3 -3 ----------- Run | Yrd Mat Min Mat Min Exi Min Mat Fac DSF Fac Fac Upp War Pro Fac Res Tes Matter Collected 2396 | 245 92 158 328 . . 95 509 134 8 142 54 110 119 . . 357 45 Remotely . | . . . . . . . . . . . . . . . . . . Salvage Created 2382 | . 129 99 383 . . 9 702 173 . 277 20 . . . . 467 123 Parts 170 | . 12 10 26 . . 4 48 5 . 14 2 . . . . 42 7 Haulers Intercepted . | . . . . . . . . . . . . . . . . . . Recyclers Shooed . | . . . . . . . . . . . . . . . . . . Parts Field Recycled . | . . . . . . . . . . . . . . . . . . Retrieved Matter . | . . . . . . . . . . . . . . . . . . Parts Self-Destructed 1 | . . . . . . . . . . . . 1 . . . . . Prevented . | . . . . . . . . . . . . . . . . . . Kills | -11 -10 -10 -9 -9 -9 -8 -8 -7 -7 -6 -5 -5 -5 -4 -4 -3 -3 ------- Run | Yrd Mat Min Mat Min Exi Min Mat Fac DSF Fac Fac Upp War Pro Fac Res Tes Combat Hostiles Destroyed 68 | . 7 4 10 . . 7 17 . . 4 . . . . . 13 6 Guns 17 | . 7 4 3 . . 2 1 . . . . . . . . . . Cannons 30 | . . . . . . . 13 . . 2 . . . . . 13 2 AOE 21 | . . . 7 . . 5 3 . . 2 . . . . . . 4 Classes Destroyed 14 | . 2 . 3 . . . 5 1 . 2 . . . . . 1 . Worker 8 | . . . . . . . 3 2 . 2 . . . . . 1 . Builder 3 | . . . . . . . 1 . . 1 . . . . . 1 . Tunneler 2 | . . . . . . . . . . 2 . . . . . . . Recycler 3 | . . . . . . . . 2 . 1 . . . . . . . Mechanic 1 | . . . 1 . . . . . . . . . . . . . . Operator 4 | . . . 1 . . . 2 1 . . . . . . . . . Watcher 7 | . . . . . . . 4 . . 1 1 . . . . 1 . Swarmer 24 | . 6 3 . . . 7 . . . 3 . . . . . 1 4 Cutter 3 | . . . . . . . . . . . . . . . . 3 . Grunt 19 | . 1 1 6 . . . 9 . . . . . . . . . 2 Sentry 9 | . . . 4 . . . 4 . . . . . . . . 1 . Specialist 2 | . . . . . . . 2 . . . . . . . . . . Hunter 4 | . . . . . . . 2 . . . . . . . . 2 . Programmer 7 | . . . . . . . . . . 1 . . . . . 6 . Best Kill Streak 7 | . 3 3 2 . . 4 7 3 . 5 1 . . . . 6 5 Combat Bots Only 5 | . 3 3 2 . . 4 5 . . 4 . . . . . 5 5 Max Kills in Single Turn 2 | . 1 1 2 . . 2 2 1 . 1 1 . . . . 2 2 Gunslinging . | . . . . . . . . . . . . . . . . . . Exploded 2 | . . . 2 . . 2 2 . . 1 . . . . . . 2 Melee . | . . . . . . . . . . . . . . . . . . Uniques/NPCs Destroyed . | . . . . . . . . . . . . . . . . . . Combat | -11 -10 -10 -9 -9 -9 -8 -8 -7 -7 -6 -5 -5 -5 -4 -4 -3 -3 -------- Run | Yrd Mat Min Mat Min Exi Min Mat Fac DSF Fac Fac Upp War Pro Fac Res Tes Hostile Shots Fired 529 | . 67 30 48 . . 13 60 . 4 18 9 26 12 6 4 132 100 Missed 190 | . 12 5 16 . . 2 16 . 2 5 7 14 9 4 3 48 47 Damage Taken 6972 | . 452 241 503 . . 117 660 . 644 353 74 172 23 40 24 2276 1393 Core 1966 | . 77 24 25 . . . 84 . 349 17 35 45 . . . 723 587 Absorbed by Shields . | . . . . . . . . . . . . . . . . . . Redirected to Shielding 52 | . 6 7 21 . . 7 11 . . . . . . . . . . Regen/Repaired (Parts) 217 | . . . 80 . . . . . . 135 . . 2 . . . . Core Remaining (%) 84 | 100 . 59 . . . 93 84 . 50 98 . . . 92 100 . . Volleys Fired 125 | . 43 11 25 . . 7 18 . . . 6 . . . . 11 4 Largest 3 | . 2 2 2 . . 2 3 . . . 1 . . . . 1 2 Hottest 100 | . 100 40 66 . . 56 84 . . . 7 . . . . 75 46 Shots Fired 325 | . 85 21 47 . . 12 79 . . 14 8 . . . . 49 10 Gun 180 | . 84 21 29 . . 7 33 . . . . . . . . 3 3 Cannon 97 | . . . . . . . 39 . . 14 2 . . . . 38 4 Launcher 39 | . . . 18 . . 5 7 . . . . . . . . 6 3 Special 9 | . 1 . . . . . . . . . 6 . . . . 2 . Kinetic 271 | . 84 21 29 . . 7 72 . . 14 2 . . . . 38 4 Thermal 4 | . 1 . . . . . . . . . . . . . . . 3 Explosive 39 | . . . 18 . . 5 7 . . . . . . . . 6 3 Electromagnetic 3 | . . . . . . . . . . . . . . . . 3 . Robot Hit Streak 13 | . 8 4 11 . . 2 7 . . 4 4 . . . . 13 3 Robot Miss Streak 7 | . 5 3 3 . . 3 7 . . 2 1 . . . . 2 2 Penetration Max . | . . . . . . . . . . . . . . . . . . Secondary Targets 1 | . 1 . . . . . . . . . . . . . . . . Max Gunslinging Chain 1 | . 1 . . . . . . . . . . . . . . . . Autonomous 97 | . . . . . . . 39 . . 14 2 . . . . 38 4 Shots Hit Robots 219 | . 42 11 33 . . 4 62 5 . 14 5 . . . . 40 3 Core Hits 145 | . 11 7 23 . . 8 52 2 . 9 . . . . . 20 13 Critical Kills 1 | . . . . . . . . 1 . . . . . . . . . Critical Parts Destroyed 3 | . . . . . . . . 1 . 2 . . . . . . . Critical Strikes 11 | . . . . . . . 2 2 . 3 . . . . . 3 1 Blast 7 | . . . . . . . 2 . . 1 . . . . . 3 1 Smash 4 | . . . . . . . . 2 . 2 . . . . . . . Melee Attacks 23 | . . . . . . . . 5 . 18 . . . . . . . Impact 23 | . . . . . . . . 5 . 18 . . . . . . . Slashing . | . . . . . . . . . . . . . . . . . . Piercing . | . . . . . . . . . . . . . . . . . . Sneak Attacks 11 | . . . . . . . . 5 . 6 . . . . . . . Combat Hostiles . | . . . . . . . . . . . . . . . . . . Follow-up Attacks . | . . . . . . . . . . . . . . . . . . Damage Inflicted 10671 | . 499 110 656 . . 435 3183 611 . 1384 100 . . . . 2917 776 Guns 1411 | . 499 110 286 . . 34 384 . . . . . . . . 17 81 Cannons 5824 | . . . . . . . 2359 . . 515 100 . . . . 2602 248 Explosions 2167 | . . . 370 . . 401 440 . . 211 . . . . . 298 447 Melee 1269 | . . . . . . . . 611 . 658 . . . . . . . Ramming . | . . . . . . . . . . . . . . . . . . Kinetic 7137 | . 499 110 286 . . 34 2743 . . 515 100 . . . . 2602 248 Thermal 223 | . . . . . . . . . . 142 . . . . . . 81 Explosive 1956 | . . . 370 . . 401 440 . . . . . . . . 298 447 Electromagnetic 86 | . . . . . . . . . . 69 . . . . . 17 . Impact 1269 | . . . . . . . . 611 . 658 . . . . . . . Slashing . | . . . . . . . . . . . . . . . . . . Piercing . | . . . . . . . . . . . . . . . . . . Highest Corruption 13 | . 5 5 . . . . . 2 2 . 2 2 2 . . 12 13 Average Corruption 3 | . 4 5 . . . . . 2 2 . 1 2 2 . . 2 12 Corruption Purged . | . . . . . . . . . . . . . . . . . . Corruption Blocked . | . . . . . . . . . . . . . . . . . . Effects 66 | . 14 18 . . . . . 2 . . 3 5 . . . 18 6 Message Errors 15 | . 2 6 . . . . . . . . . . . . . 5 2 Matter Fused 19 | . 2 5 . . . . . . . . 1 2 . . . 6 3 Heat Flow Errors 6 | . 2 . . . . . . . . . 1 . . . . 3 . Energy Discharges 9 | . 4 1 . . . . . . . . . 1 . . . 2 1 Parts Rejected 1 | . 1 . . . . . . . . . . . . . . . . Parts Fused 2 | . 1 . . . . . . . . . . 1 . . . . . Data Loss (minor) 10 | . 1 4 . . . . . 2 . . 1 1 . . . 1 . Data Loss (major) 1 | . 1 . . . . . . . . . . . . . . . . Misfires 1 | . . 1 . . . . . . . . . . . . . . . Misdirections 1 | . . . . . . . . . . . . . . . . 1 . Weapon Failures 1 | . . 1 . . . . . . . . . . . . . . . Overload Shots . | . . . . . . . . . . . . . . . . . . Overflow Damage 1935 | . . . . . . 21 279 356 . 588 65 . . . . 560 66 Projectiles 1071 | . . . . . . . 279 . . 106 65 . . . . 555 66 Explosions 30 | . . . . . . 21 . . . 4 . . . . . 5 . Melee 834 | . . . . . . . . 356 . 478 . . . . . . . Knockbacks 26 | . . . . . . . 8 1 . 5 . . . . . 11 1 Impact 3 | . . . . . . . . 1 . 2 . . . . . . . Kinetic 22 | . . . . . . . 8 . . 3 . . . . . 10 1 Secondary 1 | . . . . . . . . . . . . . . . . 1 . Self-Inflicted Damage 529 | . . . 35 . . 37 33 . . 159 . . . . . 113 152 Shots 12 | . . . 2 . . 2 1 . . 2 . . . . . 2 3 Rammed . | . . . . . . . . . . . . . . . . . . Targets Rammed . | . . . . . . . . . . . . . . . . . . Kicked . | . . . . . . . . . . . . . . . . . . Crushed . | . . . . . . . . . . . . . . . . . . Highest Temperature 224 | . 186 9 8 . . . 24 . . 5 147 . . . . 224 5 Average Temperature 43 | . 65 9 5 . . . 9 . . 5 85 . . . . 72 5 Received Heat Transfer 624 | . 42 45 222 . . . 99 . . . 18 33 . . 9 18 138 Siege Activations . | . . . . . . . . . . . . . . . . . . Robots Corrupted 4 | . . . . . . . . 1 . 3 . . . . . . . Combat Hostiles . | . . . . . . . . . . . . . . . . . . Parts Fried 13 | . . . . . . . . 4 . 9 . . . . . . . Impact Corruptions 15 | . . . . . . . . 5 . 10 . . . . . . . Robots Melted . | . . . . . . . . . . . . . . . . . . Combat Hostiles . | . . . . . . . . . . . . . . . . . . Parts Melted . | . . . . . . . . . . . . . . . . . . Heat Transferred 161 | . . . . . . . . . . 50 . . . . . . 111 Parts Sabotaged 1 | . . . . . . . . . . . . . . . . . 1 Parts Stolen . | . . . . . . . . . . . . . . . . . . Parts Stripped . | . . . . . . . . . . . . . . . . . . Power Chain Reactions . | . . . . . . . . . . . . . . . . . . Alert | -11 -10 -10 -9 -9 -9 -8 -8 -7 -7 -6 -5 -5 -5 -4 -4 -3 -3 ------- Run | Yrd Mat Min Mat Min Exi Min Mat Fac DSF Fac Fac Upp War Pro Fac Res Tes Peak Influence 2191 | . 260 65 317 115 . 132 289 88 72 258 204 . . . 35 301 2191 Initial 168 | . . . 17 115 . . . 63 72 21 126 . . . . 18 168 Average 105 | . 85 40 68 115 . 63 95 75 48 68 112 . . . 8 91 1876 Maximum Alert Level 5 | . 1 . 1 . . . 1 . . 1 1 . . . . 1 5 Low Security (%) 90 | 100 96 100 95 100 . 100 83 100 100 83 94 . . . 100 88 . Level 1 7 | . 3 . 4 . . . 16 . . 16 5 . . . . 11 . Level 2 . | . . . . . . . . . . . . . . . . . . Level 3 . | . . . . . . . . . . . . . . . . . . Level 4 . | . . . . . . . . . . . . . . . . . . Level 5 . | . . . . . . . . . . . . . . . . . . High Security . | . . . . . . . . . . . . . . . . . . Max Security 1 | . . . . . . . . . . . . . . . . . 99 Squads Dispatched 30 | . . . 1 . . . 6 . . 2 4 . . . 3 8 6 Investigation 3 | . . . . . . . 2 . . . 1 . . . . . . Extermination 7 | . . . . . . . . . . 1 . . . . 1 5 . Reinforcement 14 | . . . 1 . . . 4 . . 1 3 . . . 2 3 . Assault 6 | . . . . . . . . . . . . . . . . . 6 Garrison . | . . . . . . . . . . . . . . . . . . Intercept . | . . . . . . . . . . . . . . . . . . Searches Triggered . | . . . . . . . . . . . . . . . . . . Construction Impeded . | . . . . . . . . . . . . . . . . . . Haulers Reinforced . | . . . . . . . . . . . . . . . . . . Active Scanning Responses . | . . . . . . . . . . . . . . . . . . Cargo Convoy Interrupts 1 | . . . . . . . . . . . . . . . . 1 . Stealth | -11 -10 -10 -9 -9 -9 -8 -8 -7 -7 -6 -5 -5 -5 -4 -4 -3 -3 --------- Run | Yrd Mat Min Mat Min Exi Min Mat Fac DSF Fac Fac Upp War Pro Fac Res Tes Distress Signals 10 | . 1 . . . . . 2 . . . . . 1 . . 5 1 Communications Jammed 1 | . . . . . . . . . . . . . . . . 1 . Distress Signals . | . . . . . . . . . . . . . . . . . . Times Spotted 172 | . 27 5 14 . . 7 24 1 1 6 12 3 9 2 6 27 28 Peak Tracking Total 19 | . 4 3 3 . . 3 3 2 1 4 4 3 4 2 7 9 19 Tactical Retreats 18 | . 3 1 1 . . 1 1 1 . . 2 2 1 . . 3 2 Traps | -11 -10 -10 -9 -9 -9 -8 -8 -7 -7 -6 -5 -5 -5 -4 -4 -3 -3 ------- Run | Yrd Mat Min Mat Min Exi Min Mat Fac DSF Fac Fac Upp War Pro Fac Res Tes Traps Triggered 8 | . 3 . . . . . 1 1 . . 3 . . . . . . Indirectly . | . . . . . . . . . . . . . . . . . . Trap Hack Attempts . | . . . . . . . . . . . . . . . . . . Triggered . | . . . . . . . . . . . . . . . . . . Disarmed . | . . . . . . . . . . . . . . . . . . Reprogrammed . | . . . . . . . . . . . . . . . . . . Reused . | . . . . . . . . . . . . . . . . . . Traps Extracted . | . . . . . . . . . . . . . . . . . . Installed . | . . . . . . . . . . . . . . . . . . Triggered 13 | . . . . . . . . . . . . 1 10 . . 2 . Machines | -11 -10 -10 -9 -9 -9 -8 -8 -7 -7 -6 -5 -5 -5 -4 -4 -3 -3 ---------- Run | Yrd Mat Min Mat Min Exi Min Mat Fac DSF Fac Fac Upp War Pro Fac Res Tes Machines Disabled 26 | . . . 5 . . . 2 . . 7 . . . . . 3 9 Max in Single Turn 5 | . . . 3 . . . 1 . . 5 . . . . . 2 5 Garrison Access 2 | . . . . . . . 1 . . . 1 . . . . . . Machines Repaired . | . . . . . . . . . . . . . . . . . . Machines Dismantled . | . . . . . . . . . . . . . . . . . . Machines Sabotaged . | . . . . . . . . . . . . . . . . . . Overloaded Fab Kills . | . . . . . . . . . . . . . . . . . . Hacking | -11 -10 -10 -9 -9 -9 -8 -8 -7 -7 -6 -5 -5 -5 -4 -4 -3 -3 --------- Run | Yrd Mat Min Mat Min Exi Min Mat Fac DSF Fac Fac Upp War Pro Fac Res Tes Machines Accessed 46 | . 6 . 5 . 1 . 5 2 . 7 5 1 7 . 3 4 . Terminals 29 | . 5 . 3 . . . 4 2 . 4 4 1 . . 3 3 . Fabricators 2 | . . . . . . . . . . 2 . . . . . . . Repair Stations 2 | . . . 1 . . . . . . 1 . . . . . . . Recycling Units 2 | . 1 . 1 . . . . . . . . . . . . . . Scanalyzers . | . . . . . . . . . . . . . . . . . . Garrison Access 3 | . . . . . . . 1 . . . 1 . . . . 1 . Total Hacks 138 | . 14 . 11 . 1 . 13 3 . 16 18 2 19 . 23 18 . Successful 98 | . 5 . 9 . 1 . 7 3 . 15 16 2 19 . 15 6 . Failed 40 | . 9 . 2 . . . 6 . . 1 2 . . . 8 12 . Catastrophic 6 | . 1 . . . . . 2 . . . . . . . . 3 . Database Lockouts . | . . . . . . . . . . . . . . . . . . Manual 66 | . 13 . 6 . 1 . 11 1 . 6 7 . . . 8 13 . Terminals 102 | . 13 . 7 . . . 12 3 . 11 16 2 . . 23 15 . Fabricators 2 | . . . . . . . . . . 2 . . . . . . . Repair Stations 5 | . . . 2 . . . . . . 3 . . . . . . . Recycling Units 3 | . 1 . 2 . . . . . . . . . . . . . . Scanalyzers . | . . . . . . . . . . . . . . . . . . Garrison Access 6 | . . . . . . . 1 . . . 2 . . . . 3 . Terminal Hacks 66 | . 1 . 3 . 1 . 3 2 . 7 11 2 19 . 12 5 . Record 26 | . . . 1 . . . 1 . . 3 8 2 7 . 3 1 . Prototype ID Bank 10 | . . . . . . . . . . . . . 10 . . . . Open Door 2 | . . . . . . . . . . . . . 2 . . . . Open DSF 1 | . . . . . . . . 1 . . . . . . . . . Level Access Points 5 | . . . . . . . 1 . . 1 2 . . . 1 . . Branch Access Points 6 | . 1 . 1 . . . 1 . . . 1 . . . 1 1 . Emergency Access Points 1 | . . . . . . . . . . . . . . . 1 . . Alert Level 7 | . . . 1 . . . . 1 . 2 . . . . 1 2 . Unreport Threat 2 | . . . . . . . . . . . . . . . 2 . . Recall Reinforcements 4 | . . . . . . . . . . 1 . . . . 2 1 . Zone Layout 1 | . . . . . . . . . . . . . . . 1 . . Derelict Proto ID Bank 1 | . . . . . 1 . . . . . . . . . . . . Fabricator Hacks 2 | . . . . . . . . . . 2 . . . . . . . Network Status 2 | . . . . . . . . . . 2 . . . . . . . Repair Station Hacks 5 | . . . 2 . . . . . . 3 . . . . . . . Scan Component 2 | . . . 1 . . . . . . 1 . . . . . . . Repair 2 | . . . 1 . . . . . . 1 . . . . . . . Refit 1 | . . . . . . . . . . 1 . . . . . . . Recycling Unit Hacks 3 | . 1 . 2 . . . . . . . . . . . . . . Report Inventory 2 | . 1 . 1 . . . . . . . . . . . . . . Retrieve Components 1 | . . . 1 . . . . . . . . . . . . . . Scanalyzer . | . . . . . . . . . . . . . . . . . . Garrison Access Hacks 3 | . . . . . . . 1 . . . 2 . . . . . . Seal Access 2 | . . . . . . . 1 . . . 1 . . . . . . Coupler Status 1 | . . . . . . . . . . . 1 . . . . . . Unauthorized Hacks 19 | . 3 . 2 . . . 3 1 . 3 3 . . . 3 1 . Terminals 19 | . 3 . 2 . . . 3 1 . 3 3 . . . 3 1 . Botnet 18 | . 2 . 2 . . . 3 1 . 3 3 . . . 3 1 . Operators 1 | . 1 . . . . . . . . . . . . . . . . Fabricators . | . . . . . . . . . . . . . . . . . . Repair Stations . | . . . . . . . . . . . . . . . . . . Recycling Units . | . . . . . . . . . . . . . . . . . . Scanalyzers . | . . . . . . . . . . . . . . . . . . Garrison Access . | . . . . . . . . . . . . . . . . . . Data Cores Recovered 1 | . . . . . . . . 1 . . . . . . . . . Used . | . . . . . . . . . . . . . . . . . . Hacking Detections 27 | . 5 . 3 . . . 3 1 . 4 4 . . . 3 4 . Full Trace Events 2 | . . . . . . . 1 . . . 1 . . . . . . Feedback Events . | . . . . . . . . . . . . . . . . . . Feedback Blocked 1 | . . . . . . . . . . . 1 . . . . . . Robot Schematics Acquired . | . . . . . . . . . . . . . . . . . . Robots Built . | . . . . . . . . . . . . . . . . . . Authchips . | . . . . . . . . . . . . . . . . . . Time . | . . . . . . . . . . . . . . . . . . Total Robot Build Rating . | . . . . . . . . . . . . . . . . . . Part Schematics Acquired . | . . . . . . . . . . . . . . . . . . Parts Built . | . . . . . . . . . . . . . . . . . . Authchips . | . . . . . . . . . . . . . . . . . . Time . | . . . . . . . . . . . . . . . . . . Total Part Build Rating . | . . . . . . . . . . . . . . . . . . Parts Repaired 2 | . . . 1 . . . . . . 1 . . . . . . . Time 52 | . . . 26 . . . . . . 26 . . . . . . . Parts Recycled . | . . . . . . . . . . . . . . . . . . Recycled Matter . | . . . . . . . . . . . . . . . . . . Retrieved Matter . | . . . . . . . . . . . . . . . . . . Retrieved Components 6 | . . . 6 . . . . . . . . . . . . . . Parts Scanalyzed . | . . . . . . . . . . . . . . . . . . Part Schematics Acquired . | . . . . . . . . . . . . . . . . . . Parts Damaged . | . . . . . . . . . . . . . . . . . . Bothacking | -11 -10 -10 -9 -9 -9 -8 -8 -7 -7 -6 -5 -5 -5 -4 -4 -3 -3 ------------ Run | Yrd Mat Min Mat Min Exi Min Mat Fac DSF Fac Fac Upp War Pro Fac Res Tes Used RIF Installer . | . . . . . . . . . . . . . . . . . . Robots Hacked 5 | . . . . . . . . . . . 3 . . . . 2 . Non-combat 5 | . . . . . . . . . . . 3 . . . . 2 . Combat . | . . . . . . . . . . . . . . . . . . Robot Hacks Applied 6 | . . . . . . . . . . . 4 . . . . 2 . parse_system 2 | . . . . . . . . . . . 1 . . . . 1 . no_distress 2 | . . . . . . . . . . . 1 . . . . 1 . find_recycling 1 | . . . . . . . . . . . 1 . . . . . . check_alert 1 | . . . . . . . . . . . 1 . . . . . . Relay Couplers Released . | . . . . . . . . . . . . . . . . . . Fabnet Peak Effective % . | . . . . . . . . . . . . . . . . . . Robots Rewired . | . . . . . . . . . . . . . . . . . . Allies Hacked . | . . . . . . . . . . . . . . . . . . Hacks Repelled . | . . . . . . . . . . . . . . . . . . Allies | -11 -10 -10 -9 -9 -9 -8 -8 -7 -7 -6 -5 -5 -5 -4 -4 -3 -3 -------- Run | Yrd Mat Min Mat Min Exi Min Mat Fac DSF Fac Fac Upp War Pro Fac Res Tes Total Allies . | . . . . . . . . . . . . . . . . . . Largest Group . | . . . . . . . . . . . . . . . . . . Highest-Rated Group . | . . . . . . . . . . . . . . . . . . Highest-Rated Ally . | . . . . . . . . . . . . . . . . . . Total Orders . | . . . . . . . . . . . . . . . . . . Ally Attacks . | . . . . . . . . . . . . . . . . . . Total Damage . | . . . . . . . . . . . . . . . . . . Kills . | . . . . . . . . . . . . . . . . . . Allies Corrupted . | . . . . . . . . . . . . . . . . . . Allies Melted 1 | . . . . . . . . . 1 . . . . . . . . Intel | -11 -10 -10 -9 -9 -9 -8 -8 -7 -7 -6 -5 -5 -5 -4 -4 -3 -3 ------- Run | Yrd Mat Min Mat Min Exi Min Mat Fac DSF Fac Fac Upp War Pro Fac Res Tes Robot Analysis Total . | . . . . . . . . . . . . . . . . . . Derelict Logs Recovered 2 | . . . . . . . . . . . . 1 . 1 . . . Drone Launches . | . . . . . . . . . . . . . . . . . . Drone Recoveries . | . . . . . . . . . . . . . . . . . . Exploration | -11 -10 -10 -9 -9 -9 -8 -8 -7 -7 -6 -5 -5 -5 -4 -4 -3 -3 ------------- Run | Yrd Mat Min Mat Min Exi Min Mat Fac DSF Fac Fac Upp War Pro Fac Res Tes Turns Passed 12662 | 83 1272 683 1569 75 594 1209 1898 293 37 747 587 343 624 345 268 1873 162 Spaces Moved 11673 | 61 487 268 568 29 229 455 727 529 100 1271 1297 1135 1837 379 628 1351 322 Core 58 | 26 . . 1 . . . . . . . . . . . . 29 2 Treads 937 | 35 487 268 147 . . . . . . . . . . . . . . Legs 1860 | . . . 420 29 229 455 727 . . . . . . . . . . Wheels . | . . . . . . . . . . . . . . . . . . Hover 35 | . . . . . . . . . . 35 . . . . . . . Flight 8783 | . . . . . . . . 529 100 1236 1297 1135 1837 379 628 1322 320 Fastest Speed 26 | 50 160 240 190 260 260 260 186 26 26 28 29 30 30 42 42 42 29 Average Speed 87 | 113 228 240 258 260 260 260 242 26 29 37 31 30 30 42 42 57 38 Slowest Speed 1150 | 160 320 240 800 260 260 260 330 99 37 336 228 30 125 42 42 1150 520 Overloaded Moves . | . . . . . . . . . . . . . . . . . . Propulsion Burnouts . | . . . . . . . . . . . . . . . . . . Robots Hopped 28 | . . . . . . . . . . . 14 . 6 . 4 4 . Cave-ins Triggered . | . . . . . . . . . . . . . . . . . . Exploration Rate (%) 46 | 6 66 68 39 9 59 59 56 9 99 23 23 84 97 48 14 33 43 Regions Visited 17 Branch Regions 8 Pre-discovered Areas . | . . . . . . . . . . . . . . . . . . Known Exits Taken 11 | . 1 . 1 . . . 1 1 . 1 1 1 1 1 1 1 . Unknown Exits Taken 5 | 1 . 1 . 1 1 1 . . . . . . . . . . . Scrap Searched 7 | . . 1 . . . 2 . . . . . 3 . 1 . . . Spaces Dug 52 | . 1 . . . . . . . . 8 . . . . . . 43 Terrain Destroyed 507 | . 1 . 148 . . 49 58 . . 66 1 . . . . 57 127 Melee 8 | . . . . . . . . . . 8 . . . . . . . Projectile 24 | . 1 . . . . . 9 . . 5 1 . . . . 7 1 AOE 475 | . . . 148 . . 49 49 . . 53 . . . . . 50 126 Terrain Rammed . | . . . . . . . . . . . . . . . . . . Walls Destroyed . | . . . . . . . . . . . . . . . . . . Machines Disabled . | . . . . . . . . . . . . . . . . . . Actions | -11 -10 -10 -9 -9 -9 -8 -8 -7 -7 -6 -5 -5 -5 -4 -4 -3 -3 --------- Run | Yrd Mat Min Mat Min Exi Min Mat Fac DSF Fac Fac Upp War Pro Fac Res Tes Total 13921 | 74 570 290 623 30 229 472 843 679 107 1524 1462 1136 1894 564 628 2445 351 Wait 1748 | . 24 1 8 . . . 22 114 1 181 151 2 32 186 1 1023 2 Move 11604 | 60 486 267 567 28 228 454 726 528 99 1270 1270 1134 1826 378 619 1342 322 Hop 24 | . . . . . . . . . . . 12 . 4 . 4 4 . Pick Up 131 | 7 11 7 11 . 1 4 28 5 3 17 4 . 7 . 2 14 10 Fast Attach 22 | 1 . . . . . . 2 . . 3 8 . 6 . . 1 1 Attach 93 | 5 3 3 8 2 . 1 10 9 2 11 3 . 3 . 1 23 9 Detach 31 | . 1 1 . . . 1 6 1 . 4 1 . . . . 14 2 Swap 17 | 1 2 . 3 . . 1 6 1 . 1 . . 2 . . . . Drop 103 | . . . 1 . . 4 25 16 2 19 7 . 14 . 1 13 1 Fire 125 | . 43 11 25 . . 7 18 . . . 6 . . . . 11 4 Melee 23 | . . . . . . . . 5 . 18 . . . . . . . Ram . | . . . . . . . . . . . . . . . . . . Kick . | . . . . . . . . . . . . . . . . . . Crush . | . . . . . . . . . . . . . . . . . . Escape Stasis . | . . . . . . . . . . . . . . . . . . Rewire . | . . . . . . . . . . . . . . . . . . Trap . | . . . . . . . . . . . . . . . . . . Miscellaneous . | . . . . . . . . . . . . . . . . . . Route ------- -11/Scrapyard -10/Materials (discovered 4 exits: *Mat x3 / *Min) -10/Mines -9/Materials (discovered 2 exits: *Mat / *Min) -9/Mines -9/Exiles -8/Mines -8/Materials (discovered 5 exits: *Fac x3 / Sto x2) -7/Factory -7/DSF -6/Factory (discovered 4 exits: *Fac x4) -5/Factory (discovered 6 exits: Fac x4 / *Upp x2) -5/Upper Caves (discovered 2 exits: *Upp / *War) -5/Warlord -4/Proximity Caves -4/Factory (discovered 6 exits: *Res x4 / *Upp x2) -3/Research (discovered 3 exits: Arm / *Tes x2) -3/Testing History --------- Turn | Location | Event 4 | -11/Scrapyard | Discovered new exit (range 14) 84 | -11/Scrapyard | Entered Materials 222 | -10/Materials | Discovered new exit (range 15) 303 | -10/Materials | Build established: Mutant 512 | -10/Materials | Discovered new exit (range 9) 862 | -10/Materials | Discovered new exit (range 16) 1099 | -10/Materials | Discovered new exit (range 15) 1133 | -10/Materials | Identified exit to Mines 1356 | -10/Materials | Entered Mines 1676 | -10/Mines | Received a Rocket Launcher from a helpful Derelict 1679 | -10/Mines | Discovered new exit (range 9) 2039 | -10/Mines | Entered Materials 2039 | -9/Materials | Evolved 2 slots: Utility x2 2440 | -9/Materials | Lost 3 parts (2n1w) 2729 | -9/Materials | Repaired Aluminum Leg? 3039 | -9/Materials | Build established: Scavenger-Mutant 3218 | -9/Materials | Identified exit to Mines 3331 | -9/Materials | Discovered new exit (range 9) 3454 | -9/Materials | Build established: Mutant 3608 | -9/Materials | Entered Mines 3666 | -9/Mines | Assembled infested the area 3673 | -9/Mines | Deemed a non-threat by the Exiles lab entrance 3673 | -9/Mines | Discovered new exit (range 5) 3683 | -9/Mines | Entered Exiles 3743 | -9/Exiles | Met 8R-AWN 3793 | -9/Exiles | Met EX-HEX 3865 | -9/Exiles | Met EX-BIN 3897 | -9/Exiles | Aligned with FarCom system 3899 | -9/Exiles | Given EX-Vault access code 3915 | -9/Exiles | Build established: Scavenger-Mutant 3962 | -9/Exiles | Opened EX-Vault 3975 | -9/Exiles | Found AWS/Autocannon 4025 | -9/Exiles | Warned to stay clear of 0b10 Research branches 4106 | -9/Exiles | Met EX-DEC 4243 | -9/Exiles | Discovered new exit (range 14) 4277 | -9/Exiles | Left Exiles lab with AWS/Autocannon 4277 | -9/Exiles | Entered Mines 4583 | -8/Mines | Build established: Scavenger-Skirmisher 5421 | -8/Mines | Discovered new exit (range 8) 5486 | -8/Mines | Entered Materials 5486 | -8/Materials | Evolved 2 slots: Propulsion x1, Weapon x1 5552 | -8/Materials | Build established: Scavenger-Mutant 5884 | -8/Materials | Build established: Scavenger-Skirmisher 5949 | -8/Materials | Identified exit to Storage 6165 | -8/Materials | Identified exit to Factory 6419 | -8/Materials | Lost 3 parts (1p2u) 6691 | -8/Materials | Build established: Skirmisher 7384 | -8/Materials | Entered Factory 7384 | -7/Factory | Evolved 2 slots: Propulsion x1, Utility x1 7677 | -7/Factory | Identified exit to DSF 7677 | -7/Factory | Entered DSF 7677 | -7/DSF | Met a pair of Sappers preparing to destroy DSF 7699 | -7/DSF | Additional patrols routed to DSF 7707 | -7/DSF | Discovered new exit (range 14) 7714 | -7/DSF | Entered Factory 7714 | -6/Factory | Evolved 2 slots: Utility x2 7720 | -6/Factory | Lost 3 parts (1p2n) 7776 | -6/Factory | Repaired Sml. Storage Unit 8229 | -6/Factory | Build established: Hacker-Sprinter 8295 | -6/Factory | Identified exit to Factory 8461 | -6/Factory | Entered another Factory area 8461 | -5/Factory | Evolved 2 slots: Utility x2 8755 | -5/Factory | Identified exit to Upper Caves 8854 | -5/Factory | Build established: Wizard-Sprinter 8896 | -5/Factory | Identified exit to Factory 9048 | -5/Factory | Entered Upper Caves 9053 | -5/Upper Caves | Spotted B-75 Beast 9175 | -5/Upper Caves | Learned Factory terminal intel 9190 | -5/Upper Caves | Encountered a Warlord checkpoint 9314 | -5/Upper Caves | Build established: Hacker-Sprinter 9383 | -5/Upper Caves | Discovered new exit (range 12) 9386 | -5/Upper Caves | A Derelict revealed a hidden shortcut to "reach the base" 9387 | -5/Upper Caves | Identified exit to Upper Caves 9390 | -5/Upper Caves | Identified exit to Warlord 9391 | -5/Upper Caves | Entered Warlord 9414 | -5/Warlord | Discovered new exit (range 9) 9432 | -5/Warlord | System corruption cleaned by Quarantine Array 9508 | -5/Warlord | Met Warlord 9533 | -5/Warlord | Warlord's base attacked by MAIN.C 9687 | -5/Warlord | Found Prototype Device 9688 | -5/Warlord | Identified Minesniffer Drone Bay 9704 | -5/Warlord | Found Prototype Energy Gun 9705 | -5/Warlord | Identified Vortex Rifle 9786 | -5/Warlord | Opened side exit 9883 | -5/Warlord | Warlord forces counterattacked 9944 | -5/Warlord | Build established: Wizard-Sprinter 9957 | -5/Warlord | Spotted Striker 9983 | -5/Warlord | Spotted Executioner 10010 | -5/Warlord | Identified exit to Proximity Caves 10015 | -5/Warlord | Entered Proximity Caves 10017 | -4/Proximity Caves | Lost 5 allies 10110 | -4/Proximity Caves | Learned Research trap positions 10252 | -4/Proximity Caves | Received a Behemoth hack from an annoying Tinkerer 10264 | -4/Proximity Caves | Build established: Wizard-Gunner 10350 | -4/Proximity Caves | Discovered exit to Factory (range 7) 10360 | -4/Proximity Caves | Entered Factory 10360 | -4/Factory | Evolved 2 slots: Propulsion x1, Utility x1 10361 | -4/Factory | Loaded intel: 26 terminal locations 10419 | -4/Factory | Discovered new exit (range 6) 10492 | -4/Factory | Identified exit to Upper Caves 10492 | -4/Factory | Identified exit to Research 10628 | -4/Factory | Entered Research 10628 | -3/Research | Evolved 2 slots: Weapon x2 10629 | -3/Research | Loaded intel: 67 trap records 10938 | -3/Research | Build established: Wizard-Mutant 11333 | -3/Research | Cargo convoy interrupted 11453 | -3/Research | Build established: Hacker-Skirmisher 11860 | -3/Research | Identified exit to Armory 11860 | -3/Research | Identified exit to Testing 12081 | -3/Research | Build established: Hacker-Mutant 12198 | -3/Research | Lost 4 parts (2u2w) 12476 | -3/Research | System corruption reached 10% 12491 | -3/Research | Core integrity fell below 50% 12501 | -3/Research | Entered Testing 12502 | -3/Testing | Maximum security lockdown engaged 12537 | -3/Testing | Lost 8 parts (1p2n4u1w) 12558 | -3/Testing | Found Prototype Launcher 12559 | -3/Testing | Identified Tactical Quantum Warhead 12569 | -3/Testing | Found Tactical Quantum Warhead 12571 | -3/Testing | Core integrity fell below 20% 12583 | -3/Testing | Found Com. Tesla Bomb Launcher 12629 | -3/Testing | Spotted Striker 12629 | -3/Testing | Spotted Striker 12646 | -3/Testing | Spotted Alpha 7 12657 | -3/Testing | Stole the SGEMP Prototype 12663 | -3/Testing | Destroyed by Alpha 7 with Multirail Last Messages --------------- The unstable cave ceiling collapses. Particle Reactor destroyed. C-30 ARC bursts open, deploying its payload. G-67 Veteran unfolds itself. B-74 Champion unfolds itself. E-15 Imp unfolds itself. Slug penetrates Reinforced Barrier. Mak. System Shield destroyed. Critical hit (Burn: +37). Acquired SGEMP Prototype. >DXJ|>5:KUOT<0O4JKA0IBO|5C5ZB Dropped SGEMP Prototype. Impulse Thruster Array destroyed. Acquired SGEMP Prototype. Imp. Diametric Drive blown off. E-15 Imp destroyed. Acquired 10 matter. Acquired Imp. Diametric Drive. Penetrated by Slug. [Achievement: 10k Club] Map ----- +----------------------------------------------------+ | | | | | | | | | | | | | | | | | | | | | | | | | | | | | | | ???????????????????????????????#### | | ??????????????????????????????## | | ??????????????????????????????#" | | ??????????????????????????????#" "" | | ??????????????????????????????#" "" | | ??????????????????????????????#T "" | | ?????##########???????????????#" | | ?????#""""""""#???????????????#" "" | | ?????#" """""#???????????????#" "" | | ?????#" K "#???????????????## "" | | ????## @K""#????????????????# | | ????# 7"""#????????????????# | | ????# """#???????############# | | ????####++#####??????# """T""" #??? | | ?????### #????????# """ """ #??? | | ???###" #????????# #### | | ??## " ##????????# """ """ + | | ?## #????????# """ """ #### | | ## # b #????????# """ """ #??? | | #g C #????????# #??? | | gg #????????# = ! #??? | | % [g g##????????#####+#####??? | | % % ############# ####### | | % % ![g g C C | | % C "% g g | | ###C ########## ##### # | | " ##?# #????????## ##???# # | | "!" #??# #?????????# #????# # | | # """ #??#####?????????# ####?#+# | | # #????????????????# ## ???? | | # #????????????????# ## ???? | | # #????????????????# ## ???? | | ########???????????????## ## "??? | | ??????????????????###### # "?? | | ????? ???????? " # """ | +----------------------------------------------------+ Best States ------------- Heat Dissipation 46 Energy Generation 23 Energy Capacity 340 Matter Stores 300 Matter Capacity 300 Sight Range 16 Robot Scan Range 14 Terrain Scan Density 10 Jamming Range 16 Armor Coverage 600 Power Shielding 33 Evasion (%) 64 Targeting Accuracy 8 Target Analysis 8 Recoil Reduction 2 Offensive Hacking 56 Defensive Hacking 32 Item Schematics ----------------- None Robot Schematics ------------------ None Fabricated ------------ Nothing Alien Tech Used ----------------- None Achievements -------------- 10k Club A Powerful Ally? Charge!!! Dangerous Findings GoHome() I'm Back, Baby! Knowing Is Half The Battle Oops Respectable Loadout root@ Challenges ------------ None Game ------ Seed ThiefOmegaTrap Manual? 0 Play Time 02:38:37 Cumulative 8.5 hours Start 2025.01.15 @ 16:39:46 End 2025.01.15 @ 22:31:35 Sessions 3 Manual Loads 0 Difficulty Rogue Special Mode None Game No. 15 Rogue 15 Adventurer 0 Explorer 0 Win Type - Total 0 Types 0/0/0/0/0/0/0/0/0 Lore% 13 Gallery% 13 Achievement% 17 Wizard Run 0 Options --------- Layout 1 ASCII 0 Keyboard 0 Movement Mouse Keybinds 0 Fullscreen 2 Font 32/SmallcapsGlow Map View 50x35 Zoom Use 0% Tactical HUD 0 Map Filters NONE Filters NONE Steam 1 RUN: cce1ea6c-6c2e-4125-85dc-a37822e1a761